 Dungeon Crawl Stone Soup version 0.27.1-3-gb3d3a73c9e (webtiles) character file.

Game seed: 17048154478584180518

339 CuBeRJAN3 the Skirmisher (level 6, -4/57 HPs)
             Began as a Minotaur Fighter on Oct 6, 2021.
             Slain by Pikel (13 damage)
             ... on level 4 of the Dungeon.
             The game lasted 00:07:14 (3309 turns).

CuBeRJAN3 the Skirmisher (Minotaur Fighter)         Turns: 3309, Time: 00:07:14

Health: -4/57      AC: 12    Str: 23    XL:     6   Next: 29%
Magic:  5/5        EV:  4    Int:  5    God:
Gold:   120        SH: 10    Dex:  9    Spells: 5/5 levels left

rFire    . . .     SeeInvis .   a - +0 war axe
rCold    . . .     Faith    .   c - +0 kite shield
rNeg     . . .     Spirit   .   l - +0 plate armour
rPois    .         Reflect  .   (helmet restricted)
rElec    .         Harm     .   (no cloak)
rCorr    .         Rampage  .   (no gloves)
Will     .....                  (no boots)
Stlth    ..........             (no amulet)
HPRegen  0.19/turn              (no ring)
MPRegen  0.09/turn              (no ring)

@: no status effects
A: horns 2, retaliatory headbutt
a: no special abilities


You were on level 4 of the Dungeon.
You visited 1 branch of the dungeon, and saw 4 of its levels.

You collected 120 gold pieces.

Inventory:

Hand Weapons
 a - a +0 war axe (weapon)
Armour
 b - a +0 scale mail
 c - a +0 kite shield (worn)
 f - a +0 chain mail
 l - a +0 plate armour (worn)
 s - the +4 robe of the Guilds {rCorr Dex+3 SInv}
   (You found it on level 4 of the Dungeon)

   Dex:       It affects your dexterity (+3).
   SInv:      It lets you see invisible.
   rCorr:     It protects you from acid and corrosion.
Jewellery
 i - a +6 ring of strength
Wands
 j - a wand of iceblast (10)
Scrolls
 g - a scroll of teleportation {unknown}
 h - a scroll of blinking {unknown}
 k - 2 scrolls of immolation {unknown}
 m - a scroll of magic mapping {unknown}
 n - a scroll of amnesia {unknown}
 p - a scroll of torment {unknown}
Potions
 d - 2 potions of might
 e - a potion of attraction {unknown}
 o - a potion of heal wounds
 q - a potion of mutation {unknown}
 r - a potion of curing {unknown}
 t - a potion of flight {unknown}


   Skills:
 * Level 5.7 Fighting
 * Level 4.9 Axes
 + Level 4.8 Armour
 + Level 4.8 Shields


You had 5 spell levels left.
You didn't know any spells.
Your spell library contained the following spells:

 Spells                   Type           Power      Damage    Failure   Level
 Beastly Appendage        Tmut           0%         N/A       100%        1
 Wereblood                Tmut           0%         N/A       100%        2
 Gell's Gravitas          Tloc           0%         N/A       100%        3
 Lesser Beckoning         Tloc           0%         N/A       100%        3
 Spider Form              Tmut/Pois      0%         N/A       100%        3
 Teleport Other           Tloc           0%         N/A       100%        3


Dungeon Overview and Level Annotations

Branches:
Dungeon (4/15)
 Temple: D:4-7

Altars:
Fedhas
Hepliaklqana
Qazlal
Yredelemnul

Annotations:
D:3 exclusion: oklob plant
D:4 Pikel


Innate Abilities, Weirdness & Mutations

You have a pair of horns on your head.
You reflexively headbutt those who attack you in melee.


Message History

You slash the lemure!
You kill the lemure!
That felt strangely unrewarding.
You slash Pikel!
Pikel is moderately wounded.
Pikel hits you with a +2 whip of electrocution!
You hit Pikel but do no damage.
Pikel is moderately wounded.
You block Pikel's attack.
Pikel hits you with a +2 whip of electrocution.
You closely miss Pikel.
Pikel is moderately wounded.
You block Pikel's attack.
You closely miss Pikel.
Pikel is moderately wounded.
Pikel hits you with a +2 whip of electrocution!
Pikel hits you but does no damage.
Your shield and plate armour prevent you from hitting Pikel.
Pikel is moderately wounded.
Pikel hits you with a +2 whip of electrocution.
You closely miss Pikel. Your headbutt misses Pikel.
Pikel is moderately wounded.
Pikel hits you with a +2 whip of electrocution. x2
You slash Pikel!
Pikel is severely wounded.
You block Pikel's attack.
You closely miss Pikel. Your headbutt misses Pikel.
Pikel is severely wounded.
Pikel drinks a potion.
Pikel is healed!
Pikel hits you but does no damage.
You are electrocuted!
* * * LOW HITPOINT WARNING * * *
Press: ? - help, v - describe, . - travel
Here: Pikel, wielding a +2 whip of electrocution and wearing a +2 robe The floor, spattered with blood.
You hit Pikel.
Pikel is lightly wounded.
Pikel hits you with a +2 whip of electrocution.
* * * LOW HITPOINT WARNING * * *
You are electrocuted!
You die...

#.#.# #.# #.# .#
##.######.# ##.###.#
#....†....# #.......
#..######## #.#.####
#..# #.#.# ##..# #.#.#
#...# ### #.#.#
#.#.####...[. ..#.####
#....@K55# ###.....
.......###.#### ##.#..
.$)....# #.# #.##.
#####..# #.# #.##. #...
.## #.##. #..######
#.##. ..).....# #.##.
#.#....<###########.##.
##.##...........#.##.


You could see Pikel and 2 lemures.

Vanquished Creatures
  An ice beast (D:3)
  2 lemures (D:4)
  A bullfrog (D:4)
  A hound (D:4)
  4 gnolls
  5 adders
  2 worms (D:2)
  2 orcs (D:3)
  10 ball pythons
  8 endoplasms
  5 goblins
  4 hobgoblins
  3 jackals (D:1)
  5 kobolds (D:1)
  2 quokkas
  3 bats
  5 frilled lizards (D:1)
  7 rats
70 creatures vanquished.

Vanquished Creatures (others)
  3 fungi (D:3)
  3 plants (D:3)
6 creatures vanquished.

Grand Total: 76 creatures vanquished

Notes
Turn   | Place    | Note
-------+----------+-------------------------------------------
     0 | D:1      | CuBeRJAN3 the Minotaur Fighter began the quest for the Orb.
     0 | D:1      | Reached XP level 1. HP: 19/19 MP: 0/0
   185 | D:1      | Reached XP level 2. HP: 27/27 MP: 1/1
   416 | D:1      | Reached skill level 4 in Fighting
   523 | D:1      | You fall into a shaft and drop 1 floor!
   552 | D:2      | Reached XP level 3. HP: 33/33 MP: 2/2
   707 | D:2      | Found a faded altar of an unknown god.
  1522 | D:3      | Found a stormy altar of Qazlal.
  1582 | D:3      | Noticed an ice beast
  1602 | D:3      | Killed an ice beast
  1603 | D:3      | Reached skill level 5 in Fighting
  1603 | D:3      | Reached XP level 4. HP: 42/42 MP: 3/3
  1603 | D:3      | Reached XP level 5. HP: 48/48 MP: 4/4
  1998 | D:3      | Found a hazy altar of Hepliaklqana.
  2254 | D:3      | Found a blossoming altar of Fedhas.
  2281 | D:3      | Noticed an oklob plant
  2351 | D:3      | Found a basalt altar of Yredelemnul.
  3088 | D:4      | Identified the +4 robe of the Guilds {rCorr Dex+3 SInv}
  3124 | D:4      | Noticed a lemure
  3131 | D:4      | Killed a lemure
  3188 | D:4      | Reached XP level 6. HP: 51/56 MP: 5/5
  3297 | D:4      | Noticed Pikel
  3309 | D:4      | Slain by Pikel

Illustrated notes

Levels and vault maps discovered:
D:1:      sevenhm_arrival_forest_fort_small_1, layout_rooms, serial_curves,
          eino_curves_04, eino_curves_01
D:2:      layout_basic, hellmonk_ecumenical_altar_leap_of_faith
D:3:      layout_basic, nicolae_qazlal_scattered_showers,
          mainiacjoe_overflow_catwalk, tgw_fedhas, mainiacjoe_overflow_alcove_4
D:4:      layout_loops_ring, uniq_pikel

Skill      XL: |  1  2  3 |
---------------+----------+-----
Fighting       | 4 5 |  5.7
Armour         | 4 |  4.8
Axes           | 3 4 |  4.9
Shields        | 4 |  4.8

Action                   |  1- 3 |  4- 6 || total
-------------------------+-------+-------++-------
Melee: War axe           |   115 |    85 ||   200
       Headbutt          |    14 |    12 ||    26
Armor: Scale mail        |    20 |       ||    20
       Chain mail        |    21 |       ||    21
       Plate armour      |    17 |    55 ||    72
Dodge: Dodged            |    29 |    16 ||    45
Block: Kite shield       |    57 |    46 ||   103
